Map: Deathaura LE

Players

FrameSticker

  • Race: Protoss Protoss
  • League: Master
  • Spawn Location: 5:00

Arther - Winner!

  • Race: Terran Terran
  • League: Master
  • Spawn Location: 11:00

VOD

Have the link to the VOD?

Description

Time

  • Played on: Sept. 14, 2020, 9:39 a.m.
  • Length: 10:19
Show
View Real Time Build Order
Export as new Build Order

FrameSticker Protoss 

Build Orders: 1 Gate Expand, Blink Stalkers, Colossus Rush 

Get SALT Encoding   

  12  0:00  Probe  
  13  0:12  Probe  
  14  0:17  Pylon  
  14  0:25  Probe  
  15  0:35  Gateway  
  15  0:38  Probe (Chrono Boost)  
  16  0:47  Probe (Chrono Boost)  
  16  0:49  Assimilator  
  17  0:52  Probe (Chrono Boost)  
  18  1:04  Probe  
  19  1:16  Probe  
  20  1:24  Cybernetics Core  
  20  1:34  Nexus  
  20  1:43  Pylon  
  20  1:48  Assimilator  
  20  1:52  Probe  
  21  1:57  Stalker (Chrono Boost)  
  23  2:04  Probe  
  24  2:09  Warp Gate  
  24  2:16  Probe  
  24  2:18  Shield Battery  
  25  2:23  Adept  
  25  2:29  Probe  
  28  2:41  Probe  
  28  2:42  Twilight Council  
  29  2:50  Probe (Chrono Boost)  
  30  2:53  Probe (Chrono Boost)  
  30  2:58  Robotics Facility  
  31  3:02  Probe (Chrono Boost)  
  33  3:06  Probe (Chrono Boost)  
  33  3:10  Probe (Chrono Boost)  
  33  3:11  Probe (Chrono Boost)  
  35  3:17  Probe  
  35  3:18  Gateway  
  36  3:20  Probe  
  36  3:22  Blink (Chrono Boost)  
  37  3:31  Probe  
  38  3:35  Assimilator  
  38  3:36  Probe  
  38  3:37  Pylon  
  39  3:43  Probe  
  39  3:48  Probe, Observer  
  42  3:56  Probe  
  42  4:02  Probe  
  44  4:03  Robotics Bay  
  44  4:04  Assimilator  
  44  4:06  Stalker  
  46  4:11  Probe  
  46  4:15  Observer (Chrono Boost)  
  48  4:19  Nexus  
  48  4:23  Probe  
  49  4:24  Pylon  
  49  4:25  Probe  
  50  4:34  Observer (Chrono Boost)  
  50  4:35  Probe  
  50  4:36  Stalker  
  53  4:40  Probe  
  54  4:46  Pylon  
  54  4:48  Probe, Observer  
  54  4:51  Forge  
  54  4:52  Probe  
  57  5:00  Probe  
  57  5:04  Stalker x2  
  56  5:16  Probe x2  
  56  5:17  Colossus (Chrono Boost)  
  64  5:28  Probe x2 (Chrono Boost)  
  66  5:31  Protoss Ground Weapons Level 1  
  66  5:33  Probe (Chrono Boost)  
  67  5:40  Probe (Chrono Boost), Charge  
  67  5:41  Probe (Chrono Boost)  
  70  5:43  Probe (Chrono Boost)  
  70  5:46  Probe (Chrono Boost)  
  70  5:47  Pylon  
  70  5:48  Probe (Chrono Boost)  
  71  5:51  Probe, Zealot x2  
  71  5:54  Probe  
  71  5:56  Pylon  
  79  6:05  Colossus  
  79  6:06  Probe (Chrono Boost)  
  79  6:09  Probe (Chrono Boost)  
  87  6:12  Probe (Chrono Boost), Observer  
  87  6:14  Extended Thermal Lance  
  89  6:19  Probe (Chrono Boost)  
  89  6:20  Probe (Chrono Boost), Shield Battery  
  89  6:21  Sentry, Observer  
  89  6:23  Probe (Chrono Boost)  
  89  6:24  Probe (Chrono Boost)  
  92  6:25  Pylon  
  92  6:32  Probe  
  94  6:34  Probe  
  94  6:37  Probe  
  96  6:40  Observer  
  96  6:43  Assimilator  
  96  6:44  Probe  
  96  6:45  Assimilator  
  96  6:46  Probe  
  97  6:47  Gateway  
  97  6:49  Gateway  
  97  6:52  Gateway  
  97  6:54  Gateway  
  97  7:02  Colossus  
  103  7:08  Probe  
  103  7:15  Zealot x2  
  108  7:20  Observer  
  108  7:21  Pylon x2  
  108  7:27  Nexus  
  108  7:29  Pylon, Forge  
  108  7:44  Stalker x4  
  116  7:52  Gateway  
  116  7:54  Observer  
  116  7:56  Gateway  
  110  7:58  Gateway  
  110  8:12  Protoss Ground Armor Level 1 (Chrono Boost)  
  100  8:13  Warp Prism  
  102  8:20  Gravitic Drive  
  102  8:22  Zealot x6  
  102  8:26  Pylon  
  114  8:32  Templar Archives  
  114  8:35  Pylon  
  114  8:37  Pylon  
  114  8:39  Pylon  
  114  8:43  Stalker x4  
  122  8:53  Assimilator  
  122  8:55  Assimilator  
  122  9:12  Nexus  
  122  9:13  Dark Shrine  
  122  9:15  Zealot x2  
  122  9:16  Zealot  
  104  9:37  Stalker x7  
  89  9:53  Zealot  
  89  9:54  Zealot  
  72  10:01  Zealot x4  
  79  10:12  Zealot x2  
Show
View Real Time Build Order
Export as new Build Order

Arther Terran - Winner!

Build Orders: Liberator Opening, Reaper Expand 

Get SALT Encoding   

  12  0:00  SCV  
  13  0:12  SCV  
  14  0:17  Supply Depot  
  14  0:24  SCV  
  15  0:39  SCV  
  15  0:40  Barracks  
  16  0:45  Refinery  
  16  0:51  SCV  
  17  1:03  SCV  
  18  1:15  SCV  
  19  1:28  Reaper, Orbital Command  
  20  1:43  Command Center  
  20  1:51  Supply Depot  
  20  1:54  SCV  
  20  2:00  Marine  
  22  2:06  SCV  
  23  2:12  Factory  
  23  2:19  Bunker  
  23  2:22  SCV  
  24  2:26  Barracks Reactor  
  24  2:32  Refinery  
  24  2:34  SCV  
  25  2:47  SCV  
  26  2:55  Orbital Command  
  26  2:58  Starport  
  26  3:00  Hellion  
  26  3:01  SCV  
  29  3:06  Marine x2  
  31  3:13  SCV  
  32  3:21  Hellion  
  32  3:22  SCV  
  32  3:25  SCV  
  36  3:31  Marine x2  
  36  3:34  SCV  
  39  3:35  Supply Depot  
  39  3:38  SCV  
  39  3:39  Liberator  
  43  3:44  Hellion  
  45  3:49  SCV  
  46  3:57  SCV  
  46  4:01  Marine x2  
  46  4:02  SCV  
  50  4:07  Supply Depot  
  50  4:09  SCV, Factory Tech Lab  
  51  4:14  SCV  
  52  4:21  SCV, Marine  
  52  4:23  Command Center  
  54  4:28  SCV, Marine  
  54  4:30  Supply Depot  
  54  4:31  Siege Tank  
  59  4:33  SCV  
  60  4:40  SCV  
  61  4:45  SCV  
  61  4:48  Starport Tech Lab, Barracks  
  61  4:49  Barracks  
  62  4:52  SCV  
  62  4:53  Supply Depot  
  62  4:57  SCV  
  62  5:01  Marine x2  
  62  5:05  SCV  
  63  5:10  SCV  
  63  5:13  Engineering Bay, Siege Tank  
  64  5:14  Engineering Bay  
  64  5:23  Supply Depot, Refinery  
  64  5:24  Refinery  
  64  5:25  SCV x2  
  66  5:30  Starport Reactor, Marine x2  
  68  5:37  SCV, Orbital Command  
  68  5:38  SCV  
  68  5:41  Terran Infantry Weapons Level 1, Terran Infantry Armor Level 1  
  70  5:45  Stimpack, Marine  
  71  5:51  Marine  
  71  5:52  SCV, Marine  
  71  5:53  SCV  
  71  5:56  Combat Shield, Marauder  
  77  5:59  Orbital Command  
  77  6:03  Barracks  
  77  6:05  SCV x2, Barracks  
  77  6:09  Medivac x2  
  83  6:14  Marine x2  
  83  6:18  Marauder x2  
  89  6:21  Factory Reactor  
  89  6:26  SCV x3  
  92  6:33  Marine x2  
  92  6:36  Supply Depot  
  94  6:41  Medivac  
  94  6:42  Medivac, Marauder  
  100  6:52  SCV  
  100  6:53  Barracks Reactor, Supply Depot, Barracks Tech Lab  
  101  6:55  Supply Depot  
  101  6:57  Armory  
  101  6:58  SCV x2, Marauder  
  101  6:59  Supply Depot  
  105  7:04  SCV  
  105  7:05  Marine  
  105  7:06  Marauder  
  109  7:14  SCV x2, Marine  
  109  7:15  Supply Depot, Widow Mine x2  
  116  7:18  Supply Depot, Marauder  
  116  7:20  Marauder  
  120  7:23  Supply Depot  
  120  7:26  Marine  
  120  7:27  Medivac x2  
  120  7:28  SCV x3  
  128  7:30  Refinery  
  128  7:31  Refinery  
  128  7:33  Marauder, Marine x2  
  128  7:34  Marine  
  133  7:39  Marauder  
  135  7:48  Marauder, Marine  
  135  7:49  Widow Mine x2  
  135  7:50  Marine  
  135  7:51  Marine  
  143  7:54  Marauder  
  143  7:55  Supply Depot  
  143  7:56  Supply Depot  
  143  8:02  Marauder, Marine  
  145  8:05  Marine  
  145  8:08  Marine  
  145  8:09  Marauder, Marine  
  144  8:15  Marauder  
  146  8:20  Marine  
  146  8:23  Marine  
  146  8:24  SCV x3, Marauder, Ghost Academy  
  146  8:26  Marine  
  154  8:28  Supply Depot  
  154  8:31  Marauder  
  154  8:32  Medivac x2  
  160  8:37  Marauder  
  160  8:38  Starport  
  160  8:39  Factory Reactor  
  162  8:45  Marauder  
  162  8:47  Marine x4  
  168  8:52  Marauder  
  168  8:54  Supply Depot  
  168  8:55  Enhanced Shockwaves  
  170  8:58  Marauder  
  172  9:04  Command Center  
  172  9:06  Marauder  
  174  9:13  Ghost  
  176  9:19  Ghost  
  176  9:27  Ghost  
  167  9:35  Marine x4  
  171  9:42  Marauder  
  169  9:48  Marauder  
  165  9:53  Marine x4  
  165  9:56  Marauder  
Tags
 
Add a new tag
Caveats
  • Supply blocks, unpowered buildings, or Contaminate may cause inaccurate times.
  • Supply counts are checked every 10 seconds.